Unix NetHack Version 3.7.0-61 Work-in-progress - last build Jul 19 2022 14:00:35 (e66842d0efd4ccf932eb409e6951b391a9e3f621,branch:master). Game began 2022-07-21 18:09:39, ended 2022-07-21 18:22:28. johncena, lawful female dwarven Valkyrie ######d@########## # ------------ #------------- ########) |........<.| ####%#######|C.........C| # |...........#### |.....C.....| ### |..........| # |...---.-...|########## ------------ # |...|.{.|....# # |..C|{.{|Co.|# #### |...|.{.|...| #######....-----...| |.....C.....| |C.........C| ------------- Johncena the Skirmisher St:18 Dx:14 Co:17 In:6 Wi:6 Ch:8 Lawful S:853 Dlvl:6 $:34 HP:0(44) Pw:5(5) AC:10 Xp:4/142 T:2023 Latest messages: The dog bites! You miss the dog. The dog bites! You hear a door open. You kill the dog! You see here a statue of a plains centaur. You see here a statue of a plains centaur. The grid bug bites! You get zapped! You miss the grid bug. The grid bug misses! You kill the grid bug! You find a hidden passage. The gnome zombie hits! You destroy the gnome zombie! You see here a gnome corpse. You see here a gnome corpse. You see here a gnome corpse. You hear a strange wind. She charms you. You gladly hand over your shield. She stole an uncursed +3 small shield. You attack thin air. The dog bites! You miss the dog. The dog bites! The dog bites! You hit the dog. The dog bites! The dog bites! You miss the dog. The dog bites! You miss the dog. The dog bites! You miss the dog. The dog bites! You hear convulsive ravings. You miss the dog. The dog bites! You hit the dog! The dog bites! The dog bites! You hit the dog! The dog bites! The dog bites! You die... Do you want your possessions identified? [ynq] (y) Do you want to see your attributes? [ynq] (y) Do you want an account of creatures vanquished? [ynaq] (y) Do you want to see your conduct and achievements? [ynq] (y) Do you want to see the dungeon overview? [ynq] (y) Major events: Turn 1: johncena the lawful dwarven Valkyrie entered the dungeon 1095: attained the rank of Skirmisher (level 3) 1931: consulted the Oracle 2023: killed by a dog Inventory: Weapons b - a +0 dagger (alternate weapon; not wielded) a - a +1 dwarvish spear (weapon in hand) Armor h - a cursed +0 dunce cap (being worn) Comestibles d - an uncursed food ration r - 2 uncursed pancakes Scrolls o - an uncursed scroll of confuse monster m - an uncursed scroll of destroy armor i - an uncursed scroll of magic mapping Potions n - a cursed potion of acid q - an uncursed potion of invisibility Tools s - an uncursed leash Gems/Stones g - an uncursed worthless piece of red glass Johncena the Valkyrie's attributes: Background: You were a Skirmisher, a level 4 dwarven Valkyrie. You were lawful, nominally on a mission for Tyr who was opposed by Odin (neutral) and Loki (chaotic). You were in the Dungeons of Doom, on level 6. You entered the dungeon 2023 turns ago. You had 142 experience points, 18 more were needed to attain level 5. Your score was 853 before end-of-game adjustments. Basics: You had 0 out of 44 hit points. You had all 5 energy points (spell power). Your armor class was 10. Your wallet contained 34 zorkmids. Autopickup was off. Final Characteristics: Your strength was 18 (limit:18/100). Your dexterity was 14 (limit:20). Your constitution was 17 (limit:20). Your intelligence was 6 (base:10, limit:16). Your wisdom was 6 (base:8, limit:16). Your charisma was 8 (limit:16). Final Status: You were not hungry. You were unencumbered. You were wielding a spear. You had basic skill with spear. Final Attributes: You were devoutly aligned. You were cold resistant. You had infravision. You were stealthy. You are dead. Miscellaneous: You encountered 1 bones level. Total elapsed playing time was 12 minutes and 48 seconds. Vanquished creatures: a dog a giant ant a homunculus 2 hill orcs a centipede 2 iguanas a hobgoblin a giant rat a cave spider a gnome zombie 3 jackals 2 foxes a goblin 5 grid bugs 6 lichens a kobold zombie 6 newts 36 creatures vanquished. No species were genocided or became extinct. Voluntary challenges: You were an atheist. You were illiterate. You never engraved Elbereth. You never genocided any monsters. You never polymorphed an object. You never changed form. You used no wishes. Achievements: You attained the rank of Skirmisher. You consulted the Oracle of Delphi. The Dungeons of Doom: levels 1 to 6 Level 1: Level 2: A fountain. Level 3: A fountain. Level 4: Final resting place for quervo1-Tou-Hum-Mal-Neu, killed by a homunculus, while sleeping. Level 5: A fountain. Level 6: <- You were here. Many fountains. Oracle of Delphi. Final resting place for you, killed by a dog. Game over: ---------- / \ / REST \ / IN \ / PEACE \ / \ | johncena | | 34 Au | | killed by a dog | | | | | | | | 2022 | *| * * * | * _________)/\\_//(\/(/\)/\//\/|_)_______ Farvel johncena the Valkyrie... You died in The Dungeons of Doom on dungeon level 6 with 850 points, and 34 pieces of gold, after 2023 moves. You were level 4 with a maximum of 44 hit points when you died.